 Dungeon Crawl Stone Soup version 0.30.1-4-g462c640d31 (webtiles) character file.

Game seed: 17301839368340917682

44 Bobit the Prestidigitator (level 3, -2/25 HPs)
             Began as a Gnoll Wanderer on Sept 2, 2023.
             Slain by an orc
             ... wielding a +0 war axe
              (10 damage)
             ... on level 3 of the Dungeon.
             The game lasted 00:05:32 (1107 turns).

Bobit the Prestidigitator (Gnoll Wanderer)          Turns: 1107, Time: 00:05:33

Health: -2/25      AC:  3    Str: 10    XL:     3   Next: 60%
Magic:  10/11      EV: 11    Int:  9    God:
Gold:   82         SH:  0    Dex: 16    Spells: 12/16 levels left

rFire   . . .        a - +0 dagger
rCold   . . .        (no shield)
rNeg    . . .        d - +0 leather armour
rPois   .            (no helmet)
rElec   .            (no cloak)
rCorr   .            (no gloves)
SInv    .            (no boots)
Will    .....        (no amulet)
Stlth   ++           (no ring)
HPRegen 0.24/turn    (no ring)
MPRegen 0.12/turn

%: no passive effects
@: no status effects
A: fangs 1, strong nose, distributed training
a: no special abilities


You were on level 3 of the Dungeon.
You visited 1 branch of the dungeon, and saw 3 of its levels.

You collected 82 gold pieces.

Inventory:

Hand Weapons
 a - a +0 dagger (weapon)
Armour
 d - a +0 leather armour (worn)
Jewellery
 f - an amulet of faith
Wands
 e - a wand of iceblast (4)
 s - a wand of charming (11)
Scrolls
 c - 2 scrolls of fog
 i - a scroll of vulnerability {unknown}
 n - 2 scrolls of identify {unknown}
 o - 2 scrolls of teleportation {unknown}
 p - a scroll of enchant weapon {unknown}
 q - a scroll of torment {unknown}
Potions
 b - a potion of lignification
 g - a potion of attraction {unknown}
 h - a potion of brilliance {unknown}
 j - a potion of curing {unknown}
 k - a potion of flight {unknown}
 l - a potion of might {unknown}
 m - a potion of ambrosia {unknown}
 r - a potion of cancellation {unknown}
 t - a potion of heal wounds {unknown}


   Skills:
 + Level 0.9 Fighting
 + Level 0.9 Short Blades
 + Level 0.9 Long Blades
 + Level 0.9 Axes
 + Level 0.9 Maces & Flails
 + Level 0.9 Polearms
 + Level 0.9 Staves
 + Level 0.9 Ranged Weapons
 + Level 2.6 Throwing
 + Level 0.9 Armour
 + Level 0.9 Dodging
 + Level 2.4 Stealth
 + Level 0.9 Shields
 + Level 0.9 Unarmed Combat
 + Level 7.1 Spellcasting
 + Level 0.6 Conjurations
 + Level 0.6 Hexes
 + Level 0.6 Summonings
 + Level 0.6 Necromancy
 + Level 0.6 Translocations
 + Level 0.6 Transmutations
 + Level 0.6 Fire Magic
 + Level 0.6 Ice Magic
 + Level 0.6 Air Magic
 + Level 0.6 Earth Magic
 + Level 0.6 Poison Magic
 + Level 2.7 Invocations
 + Level 8.5 Evocations


You had 12 spell levels left.
You knew the following spells:

 Your Spells              Type           Power      Damage    Failure   Level
a - Summon Small Mammal   Summ           16%        N/A       21%         1
b - Summon Guardian Gole  Hex/Summ       4%         N/A       52%         3

Your spell library contained the following spells:

 Spells                   Type           Power      Damage    Failure   Level


Dungeon Overview and Level Annotations

Branches:
Dungeon (3/15)

Altars:
Cheibriados


Innate Abilities, Weirdness & Mutations

You have very sharp teeth.
Your uncanny sense of smell can sniff out nearby items.
Your experience applies equally to all skills.


Message History

The orc is heavily wounded.
The orc closely misses you.
You hit the orc. Your bite misses the orc.
The orc is almost dead.
The orc hits you with a +0 club.
You hit the orc but do no damage.
The orc is almost dead.
The orc hits you with a +0 club.
You hit the orc but do no damage.
The orc is almost dead.
The orc barely misses you.
You hit the orc but do no damage.
The orc is almost dead.
The orc barely misses you.
You closely miss the orc.
The orc is almost dead.
The orc hits you with a +0 club.
You hit the orc but do no damage.
The orc is almost dead.
The orc hits you with a +0 club.
You hit the orc.
You kill the orc!
You hit the orc but do no damage. You hit the orc. Your bite misses the orc.
The orc is lightly wounded.
The orc barely misses you.
You closely miss the orc.
The orc is lightly wounded.
The orc barely misses you.
You hit the orc. You bite the orc, but do no damage.
The orc is moderately wounded.
The orc hits you with a +0 war axe.
* * * LOW HITPOINT WARNING * * *
Cast which spell? (? or * to list)
You don't know that spell.
Cast which spell? (? or * to list)
You don't know that spell.
Cast which spell? (? or * to list)
The orc hits you with a +0 war axe!
You die...

#.....# #####.....####
## ∆ .............. ..#
#......# #.# #......#
#.# #..#.##### #.# ∆
####...#....# ...
#....)###.#.####.#
#@##.#.#..........
#...ro#.........#####.#
#.##.#o##.####### #.#
#.. #.# #######.# # #..
......... #. ###
#######..
.##..############ #..
........)............#
###..##.########.#####


You could see an orc (ally target) and a friendly rat (summoned).

Vanquished Creatures
  A dart slug (D:3)
  2 orcs (D:3)
  3 bats (D:1)
  3 endoplasms
  2 giant cockroaches (D:1)
  3 hobgoblins (D:1)
  4 jackals (D:1)
  A kobold (D:1)
  4 ball pythons
  A frilled lizard (D:2)
  5 goblins
  3 rats (D:1)
32 creatures vanquished.

Vanquished Creatures (collateral kills)
  2 goblins (D:2)
  A ball python (D:1)
3 creatures vanquished.

Grand Total: 35 creatures vanquished

Notes
Turn   | Place    | Note
-------+----------+-------------------------------------------
     0 | D:1      | Bobit the Gnoll Wanderer began the quest for the Orb.
     0 | D:1      | Bobit set off with the following items: a +0 dagger, a
                  | potion of lignification, a scroll of fog, a +0 leather
                  | armour, a wand of iceblast (4); and the following spell
                  | memorised: Summon Small Mammal; and the following spells
                  | available to memorise: Summon Guardian Golem.
     0 | D:1      | Reached XP level 1. HP: 13/13 MP: 8/8
    73 | D:1      | Reached XP level 2. HP: 16/19 MP: 10/10
   374 | D:1      | Reached XP level 3. HP: 13/25 MP: 11/11
   817 | D:2      | Learned a level 3 spell: Summon Guardian Golem
   900 | D:2      | Found a snail-covered altar of Cheibriados.
  1107 | D:3      | Slain by an orc

Illustrated notes

Levels and vault maps discovered:
D:1:      mrwooster_arrival_statue, layout_basic, minmay_misc_feat_secret_circle
D:2:      layout_rooms, basic_altar, kennysheep_flooded_box, uniq_robin
D:3:      layout_loops_ring, gup_sewer_entry_spiral

Action                     || total
---------------------------++-------
  Melee: Dagger            ||   139
         Bite              ||    19
         Punch             ||     1
   Cast: Summon Small Mamm ||    11
   Stab: Sleeping          ||     2
 Armour: Leather armour    ||    49
  Dodge: Dodged            ||    97
